 Dungeon Crawl Stone Soup version 0.27-a0-1590-g15f69828bf (webtiles) character file.

Game seed: 15150467122955584350

16 flotson the Sneak (level 2, -1/24 HPs)
             Began as a Demonspawn Delver on July 18, 2021.
             Succumbed to a kobold's poison
             ... on level 4 of the Dungeon.
             The game lasted 00:01:29 (422 turns).

flotson the Sneak (Demonspawn Delver)                Turns: 422, Time: 00:01:30

Health: -1/24      AC:  5    Str: 12    XL:     2   Next: 41%
Magic:  2/2        EV: 10    Int: 11    God:
Gold:   0          SH:  0    Dex: 14    Spells: 1/1 levels left

rFire    . . .     SeeInvis .   a - +0 hand axe
rCold    . . .     Faith    .   (no shield)
rNeg     . . .     Spirit   .   h - +0 ring mail
rPois    .         Reflect  .   (no helmet)
rElec    .         Harm     .   (no cloak)
rCorr    .         Rampage  .   (no gloves)
Will     .....                  (no boots)
Stlth    ++........             (no amulet)
HPRegen  0.08/turn              (no ring)
MPRegen  0.08/turn              (no ring)

@: lethally poisoned (-1 -> -10)
A: talons 1
a: no special abilities


You were on level 4 of the Dungeon.
You visited 1 branch of the dungeon, and saw 2 of its levels.

Inventory:

Hand Weapons
 a - a +0 hand axe (weapon)
Armour
 h - a +0 ring mail (worn)
Wands
 g - a wand of digging (3)
Scrolls
 b - a scroll of identify {unknown}
 e - a scroll of fear


   Skills:
 + Level 3.2 Fighting
 + Level 2.0 Axes
 + Level 0.7 Armour
 + Level 2.0 Dodging
 - Level 4.5 Stealth


You had one spell level left.
You didn't know any spells.
Your spell library was empty.

Dungeon Overview and Level Annotations

Branches:
Dungeon (5/15)
 Temple: D:4-7

Altars:

Annotations:
D:5 Grinder


Innate Abilities, Weirdness & Mutations

You have sharp toenails.


Message History

No target in view!
No target in view!
No target in view!
No target in view!
No target in view!
b - a scroll labelled HOANUD CIFEI A worm comes into view.
The worm closely misses you.
You hit the worm but do no damage. You claw the worm.
The worm is lightly wounded.
The worm bites you!
You hit the worm. You claw the worm.
The worm is heavily wounded.
You hit the worm. Your kick misses the worm.
The worm is heavily wounded.
The worm bites you!
You are too injured to fight recklessly!
You are too injured to fight recklessly!
You are too injured to fight recklessly!
You are too injured to fight recklessly!
You are too injured to fight recklessly!
A kobold comes into view.
It is wielding a +0 short sword and quivering poisoned darts.
Found a scroll labelled HOANUD CIFEI.
The kobold shouts!
The kobold throws a poisoned dart.
The poisoned dart hits you!
You are lethally poisoned!
You feel very sick.
You aren't carrying any potions.
* * * LOW HITPOINT WARNING * * *
You feel sick.
The kobold throws a poisoned dart.
The poisoned dart hits you!
You are more poisoned.
* * * LOW HITPOINT WARNING * * *
You feel very sick. The kobold hits you but does no damage.
You hit the kobold but do no damage. Your kick misses the kobold.
* * * LOW HITPOINT WARNING * * *
You feel very sick. The kobold hits you but does no damage.
You closely miss the kobold.
You die...

....................##.#
.............[....###.##
# .................###.#
# ........#######.)##.#
## ......#..#####.....#
#. ...?.
##...#.......######.
.... ##................#
... #K..........######
## ##@.#####...## #..##
##..# #..# #..# ## ..#.#
##.. ... ....... #..# #.
......... ..## ##
.......... #. ..........
##. ........... ...


You could see a kobold.

Vanquished Creatures
  An ufetubus (D:5)
  2 dart slugs (D:4)
  An endoplasm (D:4)
  A giant cockroach (D:4)
  A goblin (D:4)
  A hobgoblin (D:4)
7 creatures vanquished.

Notes
Turn   | Place    | Note
-------+----------+-------------------------------------------
     0 | D:5      | flotson the Demonspawn Delver began the quest for the Orb.
     0 | D:5      | Reached XP level 1. HP: 18/18 MP: 1/1
   103 | D:5      | Noticed Grinder
   130 | D:4      | Gained mutation: You have sharp toenails. [demonic
                  | ancestry]
   130 | D:4      | Reached XP level 2. HP: 21/24 MP: 2/2
   421 | D:4      | HP: 1/24 [poisoned by a kobold]
   422 | D:4      | Succumbed to a kobold's poison

Illustrated notes

Levels and vault maps discovered:
D:4:      layout_layer_cave, mainiacjoe_overflow_alcove_2,
          general_overflow_altar, st_stairs_14, kennysheep_small_circle,
          uniq_ijyb
D:5:      layout_loops_corners, nicolae_overflow_crystal_walls, serial_shops,
          nicolae_diamond_shop, serial_rivers, chequers_serial_rivers_large_b,
          chequers_serial_rivers_large_a, chequers_serial_rivers_small_3,
          chequers_serial_rivers_micro_e, hangedman_abyss_or_decor_lesser_grid,
          minmay_misc_feat_roman, uniq_grinder

Skill      XL: |  1 |
---------------+----+-----
Axes           | 2 |  2.0
Dodging        | 2 |  2.0
Fighting       | |  3.2
Armour         | |  0.7
Stealth        | |  4.5

Action                   || total
-------------------------++-------
Melee: Hand axe          ||    33
       Kick              ||     6
  Use: Scroll            ||     2
       Potion            ||     1
 Stab: Sleeping          ||     1
Armor: Ring mail         ||    10
Dodge: Dodged            ||    20

Table legend: (Time is in decaauts)
 A = Elapsed time spent in this place.
 B = Non-inter-level travel time spent in this place.
 C = Inter-level travel time spent in this place.
 D = Time resting spent in this place.
 E = Time spent auto-exploring this place.
 F = Levels seen in this place.
 G = Mean time per level.
                   A        B        C        D        E       F      G
               +--------+--------+--------+--------+--------+-----+--------+
         Total |    416 |    416 |      0 |      0 |    239 |   2 |  208.0 |
       Dungeon |    416 |    416 |      0 |      0 |    239 |   2 |  208.0 |
               +--------+--------+--------+--------+--------+-----+--------+

Top non-repeatable levels by time:
     D:4: 302 daAuts
     D:5: 113 daAuts
